[Event "Titled Tuesday Blitz April 26 Late 2022"]
[White "Kashefi, Amir Hosein"]
[Black "Ezat, Mohamed"]
[WhiteFideId "12557935"]
[BlackFideId "10600906"]
[WhiteElo "2008"]
[BlackElo "2386"]
[Result "0-1"]
[Round "09"]
[TimeControl "180+1"]
[Date "2022.04.26"]
[WhiteClock "0:00:03"]
[BlackClock "0:02:19"]

1. d4 Nf6 2. Nf3 c5 3. e3 cxd4 4. exd4 d5 5. Bd3 Bg4 6. c3 Nc6 7. O-O e6 8. h3 Bh5 9. Re1 Be7 10. Bg5 O-O 11. Nbd2 Rb8 12. a4 a6 13. Bb1 b5 14. axb5 axb5 15. b4 Bg6 16. Bxg6 hxg6 17. Nb3 Ne4 18. Bxe7 Nxe7 19. Qd3 Nf5 20. Nc5 Nfd6 21. Ne5 Ra8 22. Nc6 Rxa1 23. Rxa1 Qf6 0-1


[Site "https://www.chess.com"]

[Event "Titled Tuesday Blitz April 26 Late 2022"]
[White "Kim, Sergey"]
[Black "Dudzinski, Pawel"]
[WhiteFideId "13700570"]
[BlackFideId "1117890"]
[WhiteElo "2487"]
[BlackElo "2033"]
[Result "0-1"]
[Round "09"]
[TimeControl "180+1"]
[Date "2022.04.26"]
[WhiteClock "0:01:13"]
[BlackClock "0:00:20"]

1. d4 f5 2. c4 Nf6 3. g3 g6 4. Bg2 Bg7 5. Nf3 d6 6. O-O O-O 7. Nc3 Qe8 8. Re1 Qf7 9. d5 h6 10. Nd4 Ne4 11. e3 Nxc3 12. bxc3 Na6 13. a4 Bd7 14. Ba3 b6 15. a5 Nc5 16. Bb4 Ne4 17. Qd3 e5 18. dxe6 Bxe6 19. axb6 Bxc4 20. Qc2 c5 21. b7 Qxb7 22. Reb1 cxb4 23. Rxb4 Qc7 24. Bxe4 fxe4 25. Qxe4 Qf7 26. f4 Bd5 27. Qd3 Rfb8 28. e4 Rxb4 29. cxb4 Bc4 30. Qe3 Qb7 31. Rb1 Qb6 32. Rd1 Qxb4 33. f5 Qc5 34. fxg6 Rf8 35. Kg2 Bxd4 36. Rxd4 Bf1+ 37. Kg1 Bh3 38. Qb3+ Kh8 39. g7+ Kxg7 40. Qb7+ Kh8 0-1


[Site "https://www.chess.com"]

[Event "Titled Tuesday Blitz April 26 Late 2022"]
[White "Kollars, Dmitrij"]
[Black "Jobava, Baadur"]
[WhiteFideId "12909572"]
[BlackFideId "13601520"]
[WhiteElo "2584"]
[BlackElo "2617"]
[Result "0-1"]
[Round "09"]
[TimeControl "180+1"]
[Date "2022.04.26"]
[WhiteClock "0:00:13"]
[BlackClock "0:01:05"]

1. e4 d6 2. d4 Nf6 3. Nc3 e5 4. Nf3 Nbd7 5. Bc4 Be7 6. O-O O-O 7. a4 c6 8. Re1 h6 9. h3 Re8 10. Be3 Qc7 11. Qd2 Nf8 12. a5 Bd7 13. d5 Ng6 14. a6 b6 15. dxc6 Bxc6 16. Bxh6 Bxe4 17. Nxe4 Qxc4 18. Nxf6+ Bxf6 19. Bg5 e4 20. Bxf6 exf3 21. Qd4 Qxd4 22. Bxd4 Nf4 23. Red1 Re4 24. Ra3 Rxd4 25. Rxd4 Ne2+ 26. Kh2 Nxd4 27. c3 Nb5 28. Ra4 fxg2 29. Kxg2 Kf8 30. Re4 Re8 31. Rb4 Nc7 32. Rc4 Re7 33. Rc6 Rd7 0-1


[Site "https://www.chess.com"]

[Event "Titled Tuesday Blitz April 26 Late 2022"]
[White "Kujawski, Adam"]
[Black "Zherebtsova, Alexandra"]
[WhiteFideId "1100920"]
[BlackFideId "24129518"]
[WhiteElo "2053"]
[BlackElo "2025"]
[Result "0-1"]
[Round "09"]
[TimeControl "180+1"]
[Date "2022.04.26"]
[WhiteClock "0:00:02"]
[BlackClock "0:00:18"]

1. e4 e5 2. Nf3 Nc6 3. Bb5 a6 4. Ba4 Nf6 5. O-O Be7 6. Re1 b5 7. Bb3 d6 8. c3 O-O 9. h3 Bb7 10. d4 Re8 11. Nbd2 Bf8 12. a4 g6 13. Bc2 Bg7 14. d5 Nb8 15. b4 Nbd7 16. Qe2 c6 17. dxc6 Bxc6 18. Nb3 Rb8 19. Na5 Ba8 20. axb5 axb5 21. Nd2 d5 22. Bb2 Nb6 23. Rad1 Qc7 24. exd5 Nbxd5 25. Ne4 Nxe4 26. Bxe4 Nxc3 27. Bxc3 Bxe4 28. Qxe4 Qxc3 29. Rc1 Qd4 30. Nc6 Qxe4 31. Rxe4 Ra8 32. Rce1 f5 33. R4e2 e4 34. Rd1 Rac8 35. Rd6 Bf8 36. Rf6 Kg7 37. Rxf8 Kxf8 38. Nd4 Rc4 39. Nxb5 Rxb4 40. Nd6 Rd8 41. Rd2 Rb1+ 42. Kh2 Ke7 0-1


[Site "https://www.chess.com"]

[Event "Titled Tuesday Blitz April 26 Late 2022"]
[White "Le Goff, Ronan"]
[Black "Leitao, Rafael"]
[WhiteFideId "612073"]
[BlackFideId "2101246"]
[WhiteElo "2276"]
[BlackElo "2609"]
[Result "0-1"]
[Round "09"]
[TimeControl "180+1"]
[Date "2022.04.26"]
[WhiteClock "0:00:10"]
[BlackClock "0:00:21"]

1. d4 Nf6 2. Nf3 e6 3. Bg5 h6 4. Bh4 Be7 5. e3 c5 6. Bd3 Nc6 7. c3 d5 8. Nbd2 O-O 9. O-O b6 10. Qe2 Bb7 11. Rfd1 Re8 12. a4 Nd7 13. Bg3 Bf6 14. e4 cxd4 15. e5 dxc3 16. exf6 cxd2 17. fxg7 e5 18. Qxd2 Qf6 19. Bb5 Nc5 20. Qxd5 Nd4 21. Rxd4 Bxd5 22. Rxd5 e4 23. Bxe8 Rxe8 24. Ne5 Qe6 25. Rad1 Nd3 26. Nd7 Kxg7 27. Rd4 f6 28. a5 Rd8 29. Nc5 Qg4 30. R1xd3 Rxd4 31. Rxd4 bxc5 32. Rd2 Qe6 33. Bf4 Qa2 34. h4 Qxa5 35. h5 Qb5 36. Rd6 Qxb2 37. Rd7+ Kg8 38. Bxh6 Qb1+ 39. Kh2 Qb8+ 40. Kg1 Qe5 41. Rg7+ Kh8 42. g4 a5 43. Rg6 Kh7 44. Bg7 e3 45. fxe3 Qxe3+ 46. Kg2 Qe4+ 47. Kg3 Qe3+ 48. Kg2 Qe2+ 49. Kg3 Qe1+ 50. Kg2 Qd2+ 51. Kg3 Qd3+ 52. Kg2 Qxg6 53. hxg6+ Kxg7 0-1


[Site "https://www.chess.com"]

[Event "Titled Tuesday Blitz April 26 Late 2022"]
[White "Lehtosaari, Mauri"]
[Black "Czopor, Maciej"]
[WhiteFideId "501999"]
[BlackFideId "21805431"]
[WhiteElo "2540"]
[BlackElo "1999"]
[Result "0-1"]
[Round "09"]
[TimeControl "180+1"]
[Date "2022.04.26"]
[WhiteClock "0:00:13"]
[BlackClock "0:00:12"]

1. d4 Nf6 2. Nf3 g6 3. Bg5 Bg7 4. Nbd2 d5 5. e3 O-O 6. Be2 c5 7. O-O cxd4 8. exd4 Nc6 9. c3 Bg4 10. h3 Bxf3 11. Nxf3 Ne4 12. Bf4 e6 13. Qb3 Na5 14. Qa4 Qb6 15. Rab1 Rac8 16. Rfc1 a6 17. Bd3 Nc4 18. Qb3 Qc6 19. Qd1 b5 20. Qe2 h6 21. Nd2 Nexd2 22. Bxd2 a5 23. Rc2 Rb8 24. Bf4 Rb7 25. h4 Rc8 26. h5 g5 27. Bg3 Nd6 28. Bxd6 Qxd6 29. Rbc1 Qd7 30. Rd1 Rb6 31. Rcd2 b4 32. cxb4 Rxb4 33. Bb1 Rcc4 34. Qd3 f5 35. Qe3 Qf7 36. b3 Rc6 37. Rc2 Rbb6 38. Rdc1 Rxc2 39. Bxc2 Qxh5 40. Bd3 Qf7 41. Rc8+ Kh7 42. g4 Rb4 43. gxf5 exf5 44. Qf3 Bxd4 45. Bxf5+ Kg7 46. Qg4 Bxf2+ 47. Kxf2 Rxg4 0-1


[Site "https://www.chess.com"]

[Event "Titled Tuesday Blitz April 26 Late 2022"]
[White "Leiva, Gianmarco"]
[Black "Yurovskykh, Oleksandr"]
[WhiteFideId "3804399"]
[BlackFideId "14134020"]
[WhiteElo "2323"]
[BlackElo "2292"]
[Result "0-1"]
[Round "09"]
[TimeControl "180+1"]
[Date "2022.04.26"]
[WhiteClock "0:00:04"]
[BlackClock "0:00:15"]

1. e4 d5 2. exd5 Qxd5 3. Nc3 Qd8 4. g3 Nf6 5. Bg2 c6 6. b3 Bf5 7. Bb2 e6 8. Nge2 Nbd7 9. O-O Be7 10. d3 O-O 11. Ne4 Nxe4 12. dxe4 Bg6 13. Nf4 Bf6 14. Bxf6 Nxf6 15. Qe2 e5 16. Rad1 Qe7 17. Nd3 Rad8 18. Bf3 Rd6 19. h4 h6 20. h5 Bh7 21. Nb2 Rfd8 22. Rxd6 Rxd6 23. Rd1 Kf8 24. c3 Qd8 25. Rxd6 Qxd6 26. Nc4 Qc7 27. Qd3 Ke7 28. a4 b6 29. b4 Ne8 30. Kf1 f6 31. Ke2 Bg8 32. Ne3 Nd6 33. Kd2 a5 34. Bd1 Qa7 35. Kc1 Qd7 36. f3 Be6 37. bxa5 bxa5 38. g4 Qa7 39. Bc2 Qc5 40. Kd2 Kd8 41. Qa6 Kc7 42. Qa8 Nc8 43. Qa6 Qb6 44. Qxb6+ Nxb6 45. Kc1 Kd6 46. Kb2 Nc4+ 47. Nxc4+ Bxc4 48. Bd1 Kc5 49. Kc2 Ba6 50. Kd2 Bc4 51. Bc2 Be6 52. Bd3 Bb3 53. Bc2 Bxc2 54. Kxc2 Kc4 55. Kb2 Kd3 56. Kb3 c5 57. Kb2 c4 58. Ka3 Kxc3 0-1


[Site "https://www.chess.com"]

[Event "Titled Tuesday Blitz April 26 Late 2022"]
[White "Leschinsky, Gary"]
[Black "Gnechko, Ruslan"]
[WhiteFideId "30951321"]
[BlackFideId "14135868"]
[WhiteElo "1782"]
[BlackElo "2289"]
[Result "1-0"]
[Round "09"]
[TimeControl "180+1"]
[Date "2022.04.26"]
[WhiteClock "0:00:23"]
[BlackClock "0:00:06"]

1. d4 Nf6 2. c4 e6 3. Nc3 Bb4 4. f3 d5 5. a3 Be7 6. e4 dxe4 7. fxe4 c5 8. d5 exd5 9. exd5 O-O 10. Be2 Bd6 11. Nf3 Bg4 12. O-O a6 13. Bg5 h6 14. Bh4 Nbd7 15. h3 Bh5 16. Nd2 Bxe2 17. Qxe2 Re8 18. Qd1 Be5 19. Nde4 Bd4+ 20. Kh1 g5 21. Nxf6+ Nxf6 22. Bg3 Qd7 23. Ne2 Ne4 24. Be1 Bxb2 25. Rb1 Bg7 26. Qd3 b5 27. Ng3 bxc4 28. Qxc4 Nxg3+ 29. Bxg3 Bd4 30. d6 Re3 31. Bh2 Rae8 32. Qd5 R8e6 33. Rb7 Rxd6 34. Rxd7 Rxd5 35. Rxd5 Rxa3 36. Bd6 Rc3 37. Be5 Be3 1-0


[Site "https://www.chess.com"]

[Event "Titled Tuesday Blitz April 26 Late 2022"]
[White "Licznerski, Lukasz"]
[Black "Moraes, Nelson da Silva"]
[WhiteFideId "1179250"]
[BlackFideId "2140772"]
[WhiteElo "2422"]
[BlackElo "2123"]
[Result "1-0"]
[Round "09"]
[TimeControl "180+1"]
[Date "2022.04.26"]
[WhiteClock "0:00:02"]
[BlackClock "0:00:13"]

1. e4 e6 2. d4 d5 3. Nd2 c5 4. exd5 exd5 5. Ngf3 Nc6 6. Bb5 Qe7+ 7. Be2 Qc7 8. O-O Nf6 9. Re1 cxd4 10. Nb3 Bb4 11. Bd2 O-O 12. Bxb4 Nxb4 13. Nbxd4 Re8 14. c3 Nc6 15. h3 Bd7 16. Bf1 Qf4 17. Qb3 Qc7 18. Rad1 h6 19. Nc2 Bf5 20. Ne3 Be4 21. Nd2 Rad8 22. Nxe4 Rxe4 23. Bd3 Re7 24. Nf5 Rxe1+ 25. Rxe1 Ne5 26. Bb1 Re8 27. Qd1 Qc5 28. Re2 Nc6 29. Rxe8+ Nxe8 30. Qg4 Qb6 31. Nxh6+ Kf8 32. Nf5 Qxb2 33. Bd3 Qxc3 34. Qh4 Qa1+ 35. Kh2 Nf6 36. Qh8+ Ng8 37. Ng3 Qf6 38. Bh7 Ne7 39. Bxg8 Nxg8 40. Qh5 Ne7 41. Qe2 d4 42. Qb5 b6 43. Qd7 Qc6 44. Qd8+ Qe8 45. Qxd4 Nc6 46. Qd6+ Kg8 47. f4 Na5 48. Nf5 Nc4 49. Qd4 1-0


[Site "https://www.chess.com"]

[Event "Titled Tuesday Blitz April 26 Late 2022"]
[White "Lopez Del Alamo, Antonio"]
[Black "Remolar Gallen, Jose"]
[WhiteFideId "2227339"]
[BlackFideId "2215187"]
[WhiteElo "2082"]
[BlackElo "2205"]
[Result "1-0"]
[Round "09"]
[TimeControl "180+1"]
[Date "2022.04.26"]
[WhiteClock "0:00:45"]
[BlackClock "0:00:05"]

1. e4 c5 2. Nf3 d6 3. d4 cxd4 4. Nxd4 Nf6 5. Nc3 a6 6. Be2 e5 7. Nb3 Be6 8. Be3 Be7 9. Nd5 Nxd5 10. exd5 Bf5 11. Qd2 Nd7 12. Na5 Qc7 13. c4 b6 14. Nc6 Nc5 15. f3 O-O 16. b4 Nb7 17. Nxe7+ Qxe7 18. Bxb6 e4 19. fxe4 Bxe4 20. O-O Rac8 21. Rac1 Bg6 22. Bd3 Bxd3 23. Qxd3 Rfe8 24. Bf2 Qe4 25. Rfd1 Qxd3 26. Rxd3 Re4 27. Rdc3 Nd8 28. a3 f6 29. c5 dxc5 30. bxc5 Re5 31. Rd3 Nf7 32. Bg3 Rf5 33. c6 Kf8 34. d6 1-0


[Site "https://www.chess.com"]

[Event "Titled Tuesday Blitz April 26 Late 2022"]
[White "Martic, Ivan"]
[Black "Martin Barcelo, Carles"]
[WhiteFideId "929301"]
[BlackFideId "24561444"]
[WhiteElo "2317"]
[BlackElo "1875"]
[Result "1-0"]
[Round "09"]
[TimeControl "180+1"]
[Date "2022.04.26"]
[WhiteClock "0:01:22"]
[BlackClock "0:00:46"]

1. Nf3 Nf6 2. c4 g6 3. b3 Bg7 4. Bb2 O-O 5. g3 c5 6. Bg2 Nc6 7. O-O b6 8. d4 cxd4 9. Nxd4 Bb7 10. Nc3 a6 11. Rc1 Rc8 12. Nxc6 Bxc6 13. Nd5 e6 14. Nxf6+ Bxf6 15. Ba3 Be7 16. Bd6 Bxd6 17. Qxd6 Qc7 18. Rfd1 Rfd8 19. h4 Qxd6 20. Rxd6 Kf8 21. Rcd1 Ke7 22. e4 h5 23. f4 f5 24. e5 Bxg2 25. Kxg2 Rc6 26. Kf2 Rxd6 27. Rxd6 Rb8 28. Ke3 Kd8 29. b4 Kc7 30. Kd4 a5 31. b5 Rc8 32. a4 Rd8 33. c5 Rb8 34. Rxb6 Rxb6 35. cxb6+ Kxb6 36. Kc4 Kc7 37. Kc5 Kb7 38. b6 Ka6 39. Kd6 Kxb6 40. Kxd7 Kc5 41. Kxe6 Kb4 42. Kf7 Kxa4 43. e6 Kb3 44. e7 a4 45. e8=Q a3 46. Qb5+ Kc2 47. Qa4+ Kb2 48. Qb4+ Ka2 49. Kxg6 1-0


[Site "https://www.chess.com"]

[Event "Titled Tuesday Blitz April 26 Late 2022"]
[White "Martinez Reyes, Pedro Ramon"]
[Black "Pakleza, Zbigniew"]
[WhiteFideId "3901807"]
[BlackFideId "1119290"]
[WhiteElo "2410"]
[BlackElo "2467"]
[Result "0-1"]
[Round "09"]
[TimeControl "180+1"]
[Date "2022.04.26"]
[WhiteClock "0:00:06"]
[BlackClock "0:00:13"]

1. f4 d5 2. Nf3 Nf6 3. e3 Bf5 4. b3 e6 5. Bb2 h6 6. Be2 Be7 7. O-O O-O 8. Ne5 Nbd7 9. d3 c6 10. Nd2 Qb6 11. d4 c5 12. Kh1 Rfd8 13. c4 Bh7 14. Qe1 cxd4 15. exd4 Bb4 16. Qd1 Qa5 17. Ndf3 Ne4 18. Nxd7 Rxd7 19. Ne5 Rc7 20. Bd3 Bc3 21. Qe2 Rd8 22. c5 b6 23. Bxe4 Bxe4 24. Bxc3 Qxc3 25. Rac1 Qxd4 26. Rfd1 Qb4 27. cxb6 Rxc1 28. Rxc1 Qxb6 29. Qh5 Qb7 30. Qg4 d4 31. Qg3 d3 32. Rd1 d2 33. h4 Bc2 34. Ng4 Bxd1 35. Nxh6+ Kf8 36. Nxf7 0-1


[Site "https://www.chess.com"]

[Event "Titled Tuesday Blitz April 26 Late 2022"]
[White "Melikhov, Evgeny V."]
[Black "Zlatin, Alexander"]
[WhiteFideId "4122046"]
[BlackFideId "2810549"]
[WhiteElo "1931"]
[BlackElo "2228"]
[Result "0-1"]
[Round "09"]
[TimeControl "180+1"]
[Date "2022.04.26"]
[WhiteClock "0:00:06"]
[BlackClock "0:00:07"]

1. d4 d5 2. c4 e6 3. Nc3 c5 4. cxd5 cxd4 5. Qa4+ Bd7 6. Qxd4 exd5 7. Qxd5 Nc6 8. Nf3 Nf6 9. Qd1 Bc5 10. e3 Qe7 11. Be2 O-O-O 12. O-O g5 13. Qc2 g4 14. Nd4 Kb8 15. Ncb5 a6 16. Nxc6+ Bxc6 17. Nd4 Bxd4 18. exd4 Rxd4 19. Be3 Rd5 20. Rad1 h5 21. Rxd5 Nxd5 22. Qc5 Qxc5 23. Bxc5 Rh6 24. Rd1 b6 25. Bf8 Re6 26. Bxa6 Kc7 27. Bc4 Re8 28. Bg7 Nf4 29. Bf1 h4 30. Rd4 Ne2+ 31. Bxe2 Rxe2 32. Rd1 h3 33. gxh3 gxh3 34. Kf1 Bb5 35. Kg1 Re6 36. f3 Rg6+ 37. Kf2 Rxg7 38. Rd5 Bc6 39. Rh5 Rg2+ 40. Ke3 Rxh2 41. b4 Rh1 42. b5 Bd7 43. Rh7 Be6 44. f4 Rf1 45. a4 Ra1 46. f5 Ra3+ 47. Kf4 Rxa4+ 48. Ke5 Bc4 49. Rxh3 Ra2 50. Rh7 Re2+ 51. Kf6 Kd6 52. Rh8 Bd5 53. Rd8+ Kc5 54. Rd7 Re3 55. Rc7+ Kxb5 56. Rd7 Bc4 57. Kg7 Kb4 58. f6 b5 59. Rb7 Rf3 60. Rb8 Kb3 61. Rb7 b4 62. Rc7 Kc3 63. Re7 b3 64. Kf8 b2 65. Rb7 Kc2 66. Rc7 Rc3 67. Kg7 b1=Q 68. Re7 Qg1+ 69. Kf8 Qc5 70. Kg7 Rg3+ 71. Kf8 Qc8+ 72. Re8 Qxe8+ 73. Kxe8 Be6 74. Ke7 Rg6 75. Kf8 Kd3 76. Ke7 Ke4 77. Kf8 Kf5 78. Ke7 Kg5 79. Kf8 Kxf6 80. Ke8 Kf5 81. Ke7 Bc4 0-1


[Site "https://www.chess.com"]

[Event "Titled Tuesday Blitz April 26 Late 2022"]
[White "Mickiewicz, Piotr"]
[Black "Balint, Vilmos"]
[WhiteFideId "1114891"]
[BlackFideId "718050"]
[WhiteElo "2266"]
[BlackElo "2059"]
[Result "1-0"]
[Round "09"]
[TimeControl "180+1"]
[Date "2022.04.26"]
[WhiteClock "0:02:09"]
[BlackClock "0:02:37"]

1. Nf3 f5 2. g3 Nf6 3. b3 g6 4. Bb2 Bg7 5. c4 O-O 6. Bg2 d6 7. O-O e5 8. d3 Nc6 9. Nbd2 h6 10. c5 Kh7 11. cxd6 cxd6 12. Rc1 Be6 13. a3 Rc8 14. b4 a6 15. e4 f4 16. d4 Nh5 17. d5 1-0


[Site "https://www.chess.com"]

[Event "Titled Tuesday Blitz April 26 Late 2022"]
[White "Mikhailov, Viacheslav"]
[Black "Richter, Nils"]
[WhiteFideId "4187369"]
[BlackFideId "12990809"]
[WhiteElo "2381"]
[BlackElo "2243"]
[Result "1-0"]
[Round "09"]
[TimeControl "180+1"]
[Date "2022.04.26"]
[WhiteClock "0:00:46"]
[BlackClock "0:00:20"]

1. Nf3 c6 2. g3 d5 3. Bg2 e6 4. O-O Nf6 5. d4 Bd6 6. c4 O-O 7. Nc3 Nbd7 8. Qc2 Re8 9. e4 dxe4 10. Nxe4 Nxe4 11. Qxe4 Nf6 12. Qc2 Qc7 13. Rd1 Bd7 14. Bg5 c5 15. Bxf6 gxf6 16. d5 Bf8 17. dxe6 fxe6 18. Rd2 Bc6 19. Nh4 Bxg2 20. Nxg2 Rad8 21. Rad1 Rxd2 22. Qxd2 f5 23. Nf4 Bg7 24. Qd7 Qxd7 25. Rxd7 Bxb2 26. Rxb7 Bd4 27. Rxa7 e5 28. Nd5 e4 29. Ne7+ Kf8 30. Nxf5 Rb8 31. Rd7 Ke8 32. Rd5 Rb1+ 33. Kg2 Rd1 34. Nd6+ Ke7 35. Nxe4 Rc1 36. Nxc5 Rxc4 37. Nd3 Ra4 38. Rh5 Ra3 39. Nb4 Ra4 40. Nc6+ Kf6 41. Rh4 Bc5 42. Rxa4 1-0


[Site "https://www.chess.com"]

[Event "Titled Tuesday Blitz April 26 Late 2022"]
[White "Miszler, Levente"]
[Black "Vujic, Mihailo"]
[WhiteFideId "763276"]
[BlackFideId "918873"]
[WhiteElo "1966"]
[BlackElo "2256"]
[Result "1-0"]
[Round "09"]
[TimeControl "180+1"]
[Date "2022.04.26"]
[WhiteClock "0:00:59"]
[BlackClock "0:00:01"]

1. Nf3 Nc6 2. c4 e5 3. Nc3 Nf6 4. d4 exd4 5. Nxd4 Bb4 6. Nxc6 bxc6 7. Bd2 O-O 8. g3 d5 9. Bg2 Be6 10. O-O Qd7 11. a3 Be7 12. Qc2 Bh3 13. Rac1 Bxg2 14. Kxg2 d4 15. Ne4 c5 16. Rfd1 Qc6 17. f3 Nxe4 18. Qxe4 Qxe4 19. fxe4 Bf6 20. Kf3 Rfe8 21. b4 cxb4 22. axb4 Re6 23. e3 Rae8 24. exd4 Bxd4 25. Re1 Rf6+ 26. Ke2 Rf2+ 27. Kd3 Rd8 28. Rcd1 Be5+ 29. Ke3 Rxh2 30. Bc3 Bd6 31. c5 Be7 32. Rxd8+ Bxd8 33. Ra1 h5 34. Rxa7 Bg5+ 35. Kf3 Rc2 36. Be5 Rc4 37. Bxc7 Rxb4 38. Bd6 Rb3+ 39. Kg2 Rc3 40. Ra6 Rc2+ 41. Kh3 Rc3 42. c6 h4 43. c7 hxg3 44. Bxg3 Bf4 45. Ra8+ Kh7 46. c8=Q Rxg3+ 47. Kh4 g5+ 48. Kh5 Rh3+ 49. Qxh3 Kg7 50. Qc8 Kf6 51. Qf5+ Kg7 52. Qxg5+ 1-0


[Site "https://www.chess.com"]

[Event "Titled Tuesday Blitz April 26 Late 2022"]
[White "Moiseenko, Alexander"]
[Black "Zhigalko, Sergei"]
[WhiteFideId "14102560"]
[BlackFideId "13502956"]
[WhiteElo "2577"]
[BlackElo "2662"]
[Result "0-1"]
[Round "09"]
[TimeControl "180+1"]
[Date "2022.04.26"]
[WhiteClock "0:00:01"]
[BlackClock "0:00:03"]

1. d4 Nf6 2. Bg5 d5 3. e3 Nbd7 4. c4 Ne4 5. Bh4 c6 6. Nc3 Qa5 7. Ne2 g5 8. Bg3 Bg7 9. a3 dxc4 10. f3 Nxg3 11. Nxg3 h5 12. Bxc4 h4 13. b4 Qc7 14. Nf5 Bf8 15. Qb3 e6 16. Bxe6 Nc5 17. bxc5 Bxe6 18. Qc2 Qd7 19. g4 hxg3 20. Nxg3 O-O-O 21. Nge4 Be7 22. Rb1 Qc7 23. Nd6+ Bxd6 24. cxd6 Qxd6 25. Qb2 Qc7 26. Ne4 Bd5 27. Nxg5 Rde8 28. Ne4 Bxe4 29. fxe4 Rxe4 30. Qc3 Rxh2 31. Rxh2 Qxh2 32. Qd3 Rg4 33. Qf5+ Kc7 34. Qxg4 Qh1+ 35. Kf2 Qxb1 36. Qf4+ Kb6 37. Qxf7 Qb2+ 38. Kf3 Qxa3 39. d5 Qd6 40. e4 cxd5 41. exd5 Kc5 42. Ke4 Kb6 43. Qe6 Kc7 44. Qf7+ Qd7 45. Qf4+ Kc8 46. d6 Qe6+ 47. Kd4 Kd7 48. Kc5 b6+ 49. Kb5 Qxd6 50. Qf7+ Qe7 51. Qd5+ Ke8 52. Qg8+ Kd7 53. Qd5+ Kc7 0-1


[Site "https://www.chess.com"]

[Event "Titled Tuesday Blitz April 26 Late 2022"]
[White "Moral Garcia, Serafin"]
[Black "Onslow, Alfie"]
[WhiteFideId "2201925"]
[BlackFideId "436976"]
[WhiteElo "2228"]
[BlackElo "1884"]
[Result "1-0"]
[Round "09"]
[TimeControl "180+1"]
[Date "2022.04.26"]
[WhiteClock "0:01:17"]
[BlackClock "0:00:01"]

1. e4 c5 2. Nf3 Nc6 3. Bb5 g6 4. O-O Bg7 5. Re1 e5 6. Bxc6 bxc6 7. c3 Ne7 8. d4 cxd4 9. cxd4 d6 10. dxe5 dxe5 11. Qxd8+ Kxd8 12. Be3 f6 13. Nc3 Be6 14. Na4 Ke8 15. Nc5 Kf7 16. Rac1 Rhd8 17. b3 a5 18. Nd2 f5 19. Bg5 Bf6 20. Bxf6 Kxf6 21. Nc4 f4 22. f3 Rd4 23. Red1 Rxd1+ 24. Rxd1 Bxc4 25. bxc4 Kf7 26. Nd7 Ke6 27. Nb6 Rb8 28. c5 Nc8 29. Nxc8 Rxc8 30. Rd6+ Ke7 31. h4 Rb8 32. Rxc6 Rb2 33. Rc7+ Kf6 34. Rxh7 Rxa2 35. Ra7 a4 36. Kh2 Rc2 37. Ra6+ Kf7 38. Rxa4 Rxc5 39. Kh3 Kg7 40. g3 Rc3 41. Kg4 fxg3 42. Kxg3 Rc5 43. Ra6 Kh6 44. Kg4 Rc1 45. Re6 Rg1+ 46. Kh3 Rh1+ 47. Kg3 Rg1+ 48. Kh2 Rf1 49. Kg2 Ra1 50. Rxe5 Ra2+ 51. Kg3 Kg7 52. Rc5 Kf6 53. Kg4 Ra3 54. Rc6+ Kf7 55. e5 Ra4+ 56. f4 Kg7 57. Kg5 Kh7 58. Rc7+ Kh8 59. e6 1-0


[Site "https://www.chess.com"]

[Event "Titled Tuesday Blitz April 26 Late 2022"]
[White "Moskalenko, Alexander"]
[Black "Svane, Rasmus"]
[WhiteFideId "4155351"]
[BlackFideId "4657101"]
[WhiteElo "2434"]
[BlackElo "2645"]
[Result "1-0"]
[Round "09"]
[TimeControl "180+1"]
[Date "2022.04.26"]
[WhiteClock "0:00:10"]
[BlackClock "0:00:05"]

1. c4 e6 2. Nf3 d5 3. e3 Nf6 4. b3 c5 5. Bb2 Nc6 6. cxd5 exd5 7. Bb5 Bd6 8. d4 cxd4 9. Nxd4 O-O 10. O-O Bc7 11. Nf3 Bg4 12. h3 Bh5 13. Nbd2 Qd6 14. Rc1 Rad8 15. Bxc6 bxc6 16. Be5 Qxe5 17. Nxe5 Bxd1 18. Nxc6 Be2 19. Rfe1 Bb5 20. Ne7+ Kh8 21. Rxc7 Rd7 22. Rec1 g6 23. a4 Re8 24. Nxg6+ hxg6 25. axb5 Ree7 26. Rc8+ Kg7 27. Nf3 Ne4 28. Nd4 Rb7 29. g4 Red7 30. f3 Nd6 31. R8c5 Ne8 32. Kf2 Nc7 33. g5 a6 34. bxa6 Nxa6 35. R5c3 Nb4 36. Ra1 Ra7 37. Rxa7 Rxa7 38. Kg3 Ra1 39. Rc7 Nd3 40. Ne6+ Kg8 41. Nf4 Ne1 42. Nxd5 Rd1 43. Nf6+ Kf8 44. Rc8+ Ke7 45. Re8+ Kd6 46. Rd8+ Ke6 47. Rxd1 Nd3 48. Rxd3 1-0


[Site "https://www.chess.com"]

[Event "Titled Tuesday Blitz April 26 Late 2022"]
[White "Muradli, Mahammad"]
[Black "Makarian, Rudik"]
[WhiteFideId "13409301"]
[BlackFideId "44105681"]
[WhiteElo "2611"]
[BlackElo "2388"]
[Result "1-0"]
[Round "09"]
[TimeControl "180+1"]
[Date "2022.04.26"]
[WhiteClock "0:00:11"]
[BlackClock "0:00:01"]

1. c4 Nf6 2. Nf3 g6 3. b3 Bg7 4. Bb2 d6 5. d4 c5 6. g3 cxd4 7. Nxd4 h5 8. Bg2 h4 9. O-O hxg3 10. hxg3 Nc6 11. Nc3 Bh3 12. Nxc6 bxc6 13. Bxc6+ Kf8 14. Re1 Rc8 15. Bf3 Ng4 16. Qd2 Ne5 17. Nd5 Qd7 18. Nf4 g5 19. Bxe5 dxe5 20. Qxd7 Bxd7 21. Rad1 Bf5 22. Nd5 e4 23. Bg2 e6 24. Ne3 Bc3 25. Rf1 Bg6 26. Rd7 Kg7 27. Rfd1 a5 28. Nc2 a4 29. Nd4 Rhe8 30. Nb5 Bb4 31. Nc7 Re7 32. Rxe7 Bxe7 33. Nb5 axb3 34. axb3 Kf8 35. Rd7 e3 36. fxe3 Bc5 37. Kf2 Bc2 38. Nd4 Bg6 39. Nc6 Bb1 40. b4 Bb6 41. c5 Bc7 42. Na7 Ke8 43. Bc6 Bxg3+ 44. Kxg3 Rxc6 45. Nxc6 Kxd7 46. Ne5+ Ke7 47. b5 f6 48. b6 Be4 49. Nc4 Kd7 50. Nd6 Bd5 51. e4 Bc6 52. Kf3 f5 53. Ke3 fxe4 54. Nxe4 Bd5 55. Nxg5 Kc6 56. Ne4 e5 57. Kd3 Be6 58. Kd2 Bf5 59. Nd6 Be6 60. Kc3 Bd5 61. Kb4 1-0


[Site "https://www.chess.com"]

[Event "Titled Tuesday Blitz April 26 Late 2022"]
[White "Needleman, Alejandro"]
[Black "Karttunen, Mika"]
[WhiteFideId "100730"]
[BlackFideId "502081"]
[WhiteElo "2351"]
[BlackElo "2343"]
[Result "1/2-1/2"]
[Round "09"]
[TimeControl "180+1"]
[Date "2022.04.26"]
[WhiteClock "0:00:16"]
[BlackClock "0:00:06"]

1. e4 c6 2. d4 d5 3. Nc3 dxe4 4. Nxe4 Nf6 5. Nxf6+ gxf6 6. Ne2 h5 7. h4 Bg4 8. Qd3 e5 9. Be3 Qa5+ 10. Qd2 Qxd2+ 11. Kxd2 Nd7 12. f3 Be6 13. b3 O-O-O 14. Kc3 Nb6 15. Kb2 Nd5 16. Bf2 Bd6 17. a3 Rhg8 18. c4 Ne7 19. Rd1 Bc5 20. b4 Bb6 21. Kc3 Nf5 22. Rd2 Nd6 23. dxe5 Nxc4 24. Rxd8+ Bxd8 25. Nf4 Nxa3 26. Nxe6 fxe6 27. Bxa7 Nb5+ 28. Bxb5 cxb5 29. Rg1 fxe5 30. Bf2 Kd7 31. g4 e4 32. gxh5 Rxg1 33. Bxg1 exf3 34. h6 Bxh4 35. Bd4 e5 36. Be3 Bf6 37. Kd3 Ke6 38. Ke4 Bh8 39. Bf2 Bf6 40. Be3 Bh8 41. Bf2 Kf6 42. Be3 Kg6 43. Kxf3 Kf5 44. Bd2 e4+ 45. Ke3 Be5 46. Be1 Bf4+ 47. Kd4 Bxh6 48. Kc5 Be3+ 49. Kxb5 Kf4 50. Kc4 Kf3 51. Kd5 Bg1 52. Kd6 e3 53. Kc7 b5 54. Kc6 Bf2 55. Bc3 e2 56. Kxb5 Ke4 57. Kc4 Ke3 58. b5 Kf3 59. Kd5 e1=Q 60. Bxe1 Bxe1 61. Kc6 Bg3 62. b6 Bf4 63. Kd7 Bg3 64. Kc8 Bf4 65. b7 Bg3 66. b8=Q Bxb8 1/2-1/2


[Site "https://www.chess.com"]

[Event "Titled Tuesday Blitz April 26 Late 2022"]
[White "Omariev, Maksim"]
[Black "Tregubov, Pavel V."]
[WhiteFideId "4193423"]
[BlackFideId "4115341"]
[WhiteElo "2510"]
[BlackElo "2341"]
[Result "1-0"]
[Round "09"]
[TimeControl "180+1"]
[Date "2022.04.26"]
[WhiteClock "0:00:07"]
[BlackClock "0:00:01"]

1. g4 d5 2. Bg2 c6 3. h3 e5 4. d4 Nd7 5. dxe5 Nxe5 6. Bf4 Bd6 7. Qd4 Qe7 8. Nf3 Nxf3+ 9. Bxf3 Bxf4 10. Qxf4 Nf6 11. Nd2 O-O 12. O-O-O a5 13. g5 Nd7 14. h4 a4 15. a3 Qe5 16. Qb4 b5 17. Rhg1 c5 18. Qg4 b4 19. Qg3 Bb7 20. Bg4 bxa3 21. Qxa3 Nb6 22. Qxc5 a3 23. Qxb6 a2 24. Nb3 Ba6 25. Na1 Bxe2 26. Rde1 Qf4+ 27. Qe3 Qxe3+ 28. fxe3 Bb5 29. c3 Rfe8 30. Kd2 Bc4 31. Bf3 Rab8 32. Kc2 Re6 33. b3 Ba6 34. Kb2 h6 35. Kxa2 hxg5 36. hxg5 Rbe8 37. Nc2 Bd3 38. Kb2 Be4 39. Bxe4 dxe4 40. Nd4 Ra6 41. b4 Rd6 42. b5 Rd5 43. c4 Rc5 44. Kb3 Rec8 45. Rc1 Re5 46. b6 Rb8 47. c5 Rd5 48. Kb4 1-0


[Site "https://www.chess.com"]